 Dungeon Crawl Stone Soup version 0.30-a0-339-g89bb51ec76 (webtiles) character file.

Game seed: 1902057650892740319

268141 jlumianski the Demonic Catastrophe (level 19, -4/161 HPs)
             Began as a Demonspawn Fighter on Oct 31, 2022.
             Was an Elder of Qazlal.
             Killed from afar by an ironbound frostheart (31 damage)
             ... by creeping frost
             ... on level 1 of the Vaults.
             The game lasted 05:15:29 (40031 turns).

jlumianski the Demonic Catastrophe (DsFi)          Turns: 40031, Time: 05:15:31

Health: -4/161     AC: 36    Str: 25    XL:     19   Next: 37%
Magic:  26/31      EV: 10    Int: 12    God:    Qazlal [****..]
Gold:   1149       SH: 18    Dex: 12    Spells: 18/18 levels left

rFire   . . .      SeeInvis .    h - +6 broad axe (venom)
rCold   . . .      Faith    .    l - +0 kite shield {reflect}
rNeg    + . .      Spirit   .    m - +6 chain mail of Defence {Regen+}
rPois   .          Reflect  +    v - +2 helmet
rElec   .          Harm     .    D - +2 cloak
rCorr   .          Rampage  +    (gloves unavailable)
Will    +++..                    n - +2 pair of boots {rampage}
Stlth   ..........               a - amulet of Immorality {Regen+ Str+2}
HPRegen 2.06/turn                L - +4 ring of protection
MPRegen 0.22/turn                q - ring of Attitude {rN+ Will++ Slay+3}

@: studying Shields, repel missiles
A: rugged brown scales 3, demonic guardian 2, demonic magic 2, demonic touch 3
}: 2/15 runes: serpentine, barnacled
a: Renounce Religion, Upheaval, Elemental Force


You were on level 1 of the Vaults.
You worshipped Qazlal.
Qazlal was greatly pleased with you.
You visited 7 branches of the dungeon, and saw 33 of its levels.
You also visited: Volcano and Wizlab.

You collected 3680 gold pieces.
You spent 2531 gold pieces at shops.

Inventory:

Hand Weapons
 h - a +6 broad axe of venom (weapon)
 k - a +6 war axe of electrocution
 M - the +10 trident of Paulaoc {venom, rC+ Str+3 Int-2}
   (You bought it in a shop on level 8 of the Dungeon)

   It poisons the flesh of those it strikes.
   Str:       It affects your strength (+3).
   Int:       It affects your intelligence (-2).
   rC:        It protects you from cold.
 U - a +1 vampiric broad axe
Missiles
 p - 6 curare-tipped darts
 x - 6 boomerangs of dispersal
 A - 24 boomerangs (quivered)
 O - 2 throwing nets
Armour
 l - a +0 kite shield of reflection (worn)
 m - the +6 chain mail of Defence (worn) {Regen+}
   (You found it on level 4 of the Lair of Beasts)

   Regen:     It increases your rate of health regeneration.
 n - a +2 pair of boots of rampaging (worn)
 v - a +2 helmet (worn)
 D - a +2 cloak (worn)
Jewellery
 a - the amulet of Immorality (around neck) {Regen+ Str+2}
   (You took it off a death knight on level 12 of the Dungeon)

   [amulet of regeneration]

   Str:       It affects your strength (+2).
   Regen:     It increases your rate of health regeneration.
 f - a ring of protection from cold
 q - the ring of Attitude (right hand) {rN+ Will++ Slay+3}
   (You found it in a wizard's laboratory)

   [ring of positive energy]

   Slay:      It affects your accuracy & damage with ranged weapons and melee
   (+3).
   rN:        It protects you from negative energy.
   Will:      It greatly increases your willpower.
 y - the ring of Emyafix {rElec rF+ EV+4 Dex+2}
   (You took it off a tengu conjurer on level 12 of the Dungeon)

   [ring of evasion]

   EV:        It affects your evasion (+4).
   Dex:       It affects your dexterity (+2).
   rF:        It protects you from fire.
   rElec:     It insulates you from electricity.
 E - a ring of protection from fire
 L - a +4 ring of protection (left hand)
 S - a ring of resist corrosion
 X - a ring of see invisible
Wands
 r - a wand of roots (9)
 B - a wand of digging (14)
 F - a wand of mindburst (2)
 T - a wand of light (1)
Scrolls
 j - 5 scrolls of summoning
 z - 3 scrolls of magic mapping
 G - 7 scrolls of teleportation
 K - 2 scrolls of fog
 N - a scroll of fear
 P - 4 scrolls of silence
 V - 3 scrolls of poison
Potions
 b - 3 potions of flight
 d - 6 potions of might
 e - 7 potions of haste
 i - 2 potions of resistance
 o - 17 potions of mutation
 s - 11 potions of curing
 u - 3 potions of cancellation
 J - a potion of invisibility
 Q - a potion of berserk rage
Miscellaneous
 c - a lightning rod (4/4)
 g - a condenser vane
 C - a box of beasts
 H - a phantom mirror


   Skills:
 + Level 13.7 Fighting
 + Level 17.4(17.5) Axes
 + Level 1.4(11.5) Polearms
 + Level 3.7 Throwing
 + Level 12.4 Armour
 + Level 5.3 Dodging
 + Level 4.3 Stealth
 + Level 14.9 Shields
 * Level 17.9 Invocations
 * Level 13.2 Evocations


You had 18 spell levels left.
You didn't know any spells.
Your spell library contained the following spells:

 Spells                   Type           Power      Damage    Failure   Level
 Kiss of Death            Conj/Necr      0%         2d5       95%         1
 Magic Dart               Conj           0%         1d3       95%         1
 Sting                    Tmut/Pois      0%         1d3       95%         1
 Searing Ray              Conj           0%         2d4       98%         2
 Confusing Touch          Hex            0%         N/A       100%        3
 Gell's Gravitas          Tloc           0%         N/A       100%        3
 Ignite Poison            Fire/Tmut/Pois 0%         N/A       100%        3
 Kindle Blastsparks       Fire/Tloc/Air  0%         2d10      100%        3
 Teleport Other           Tloc           0%         N/A       100%        3
 Tukima's Dance           Hex            0%         N/A       100%        3
 Anguish                  Hex/Necr       0%         N/A       100%        4
 Cause Fear               Hex            0%         N/A       100%        4
 Dispel Undead            Necr           0%         3d6       100%        4
 Fulminant Prism          Conj/Hex       0%         3d5       100%        4
 Olgreb's Toxic Radiance  Pois           0%         N/A       100%        4
 Passage of Golubria      Tloc           0%         N/A       100%        4
 Petrify                  Tmut/Erth      0%         N/A       100%        4
 Blade Hands              Tmut           0%         N/A       100%        5
 Freezing Cloud           Conj/Ice/Air   0%         6-21      100%        5
 Irradiate                Conj/Tmut      0%         3d11      100%        5
 Iskenderun's Battlesphe  Conj           0%         2d6       100%        5
 Summon Forest            Summ/Tloc      0%         N/A       100%        5
 Yara's Violent Unravell  Hex/Tmut       0%         3d3       100%        5
 Death Channel            Necr           0%         N/A       100%        6
 Dispersal                Tloc           0%         N/A       100%        6
 Eringya's Noxious Bog    Tmut/Pois      0%         N/A       100%        6
 Iron Shot                Conj/Erth      0%         9d1       100%        6
 Dragon Form              Tmut           0%         N/A       100%        7
 Enfeeble                 Hex            0%         N/A       100%        7
 Ozocubu's Refrigeration  Ice            0%         4d7       100%        7
 Spellforged Servitor     Conj/Summ      0%         N/A       100%        7
 Summon Hydra             Summ           0%         N/A       100%        7
 Ignition                 Fire           0%         3d3       100%        8
 Dragon's Call            Summ           0%         N/A       100%        9


Dungeon Overview and Level Annotations

Branches:
Dungeon (15/15)            Temple (1/1) D:6            Lair (5/5) D:8
 Shoals (4/4) Lair:2        Snake (4/4) Lair:2        Slime (0/5) Lair:5
    Orc (2/2) D:9             Elf (0/3) Orc:2        Vaults (2/5) D:14
 Depths (0/4) D:15        Volcano (visited)          WizLab (visited)
  Crypt: Vaults:2-3

Altars:
Ashenzari
Cheibriados
Dithmenos
Fedhas
Gozag
Hepliaklqana
Kikubaaqudgha
Makhleb
Nemelex Xobeh
Okawaru
Qazlal
Ru
Sif Muna
Trog
Uskayaw
Vehumet
Wu Jian
Xom
Yredelemnul
Lugonu

Shops:
D:2 *   D:4 (   D:8 (   D:9 !*   Orc:2 (*[=   Snake:2 (([(   Snake:4 *==(

Portals:
Abyss: Shoals:3

Annotations:
D:4 exclusion: oklob plant
D:5 1 runed translucent door, kd29's ghost, novice TrTm
D:12 1 runed translucent door
Lair:3 exclusion: oklob plant


Innate Abilities, Weirdness & Mutations

You are completely covered in rugged brown scales. (AC +3, +7% HP)
A demonic guardian rushes to your aid.
Spells you cast may paralyse nearby enemies.
Your touch may irresistibly damage your foes and sap their willpower.


Message History

The ironbound frostheart looks as sick as possible!
You slash the deep troll!
The deep troll looks as sick as possible!
You slash the ettin!
The ettin looks as sick as possible!
The ettin is almost dead.
You hit the freezing wraith but do no damage.
You slash the ironbound frostheart! You hit the deep troll.
The ironbound frostheart is engulfed in blazing flames.
The ironbound frostheart touches you but does no damage.
You block the freezing wraith's attack. x2; You block the ettin's attack.
The ettin hits you but does no damage. You partially resist.
You barely miss the ettin.
The ettin is almost dead.
You slash the freezing wraith!
You barely miss the ironbound frostheart.
You slash the vault warden!
The vault warden looks as sick as possible!
You block the ironbound frostheart's attack.
The freezing wraith hits you! The freezing wraith freezes you!!
You block the freezing wraith's attack.
The ettin hits you with a +0 dire flail!!
* * * LOW HITPOINT WARNING * * *
You block the ettin's attack.
The ironbound frostheart attacks as you move away!
You block the ironbound frostheart's attack.
The ironbound frostheart is engulfed in blazing flames.
The ironbound frostheart calls freezing cold from the walls.
The frost grips you!!
* * * LOW HITPOINT WARNING * * *
The freezing wraith is engulfed in blazing flames.
You destroy the freezing wraith!
Qazlal accepts your kill.
Activating: Elemental Force (0% risk of failure)
Press: ? - help, Dir - look around, f - activate Clouds arounds you coalesce and take form!
The ice encasing you melts away.
The vault warden hits you but does no damage.
The ironbound frostheart calls freezing cold from the walls.
The frost grips you!!
You die...

,*,,,,,,* *,,,,,,,,,*
,*,,,,,,* *,....,*.,*
******** ,*,,,,,,*
*,....,#..# *,,,,,,*
,*,,,,,,*
*,,...,.#$#####,,,,,,**
,+,,,,,,*
*,,,..*.......+,,,,,,*,
,*,,,,,,*
****#.#.......#,,,,,,+,
,****+++***
#..#......#,,,,,,+, ,*
*,,,,,,*
#..EEE....#,,,,,,*, ,*
*,,,,,,*
#.@EpT....#,,,,,,+, ,*
*,,,,,,*
#.#pC.....#*******, ,*
*,,,,,,* #.†E.E....# *,
,* *,,>,,,* #.....#####
*, ,*
*,,,,,,#######+### *,
,* *******#........# *,
,* #........# ** ,*
#........#
,*********#........#


You could see a vault warden (extremely poisoned, ally target), an ettin
(strong, extremely poisoned, ally target), an ironbound frostheart (strong,
extremely poisoned, ally target), a deep troll (extremely poisoned), a friendly
earth elemental (summoned), a friendly water elemental (summoned), 2 friendly
fire elementals and 2 friendly air elementals.

Vanquished Creatures
  Bai Suzhen (Snake:4)
  Asterion (Vaults:1)
  3 sphinxes
  Polyphemus (Shoals:3)
  Kirke (D:14)
  A kraken (Shoals:4)
  Ilsuiw (Shoals:3)
  3 nagarajas
  2 vault wardens (Vaults:1)
  2 orc warlords
  2 ironbound preservers (Vaults:1)
  3 very ugly things (WizLab)
  A minotaur (Shoals:4)
  7 merfolk impalers
  Josephine (D:10)
  A catoblepas (D:11)
  4 hydras
  4 merfolk aquamancers
  4 merfolk avatars
  2 ogre magi
  An ice dragon (D:15)
  3 salamander tyrants
  4 death knights
  3 alligator snapping turtles
  9 satyrs
  5 boulder beetles
  12 anacondas
  A two-headed ogre (shapeshifter) (WizLab)
  3 centaur warriors
  14 two-headed ogres
  14 naga warriors
  3 death yaks (Shoals:3)
  2 shock serpents
  9 naga sharpshooters
  A thrashing horror (Shoals:3)
  Sonja (Lair:2)
  A fire crab (shapeshifter) (WizLab)
  6 deep trolls
  4 salamander mystics
  A fire crab (Volcano)
  28 sea snakes
  A deep troll (shapeshifter) (WizLab)
  11 naga ritualists
  14 harpies
  3 ironbound convokers (Vaults:1)
  2 lindwurms
  2 wizards (Vaults:1)
  3 orc knights
  2 harpies (shapeshifter) (WizLab)
  5 large abominations (WizLab)
  A lindwurm (shapeshifter) (WizLab)
  A deep elf pyromancer (D:13)
  10 cyclopes
  14 manticores
  11 mana vipers
  An orc sorcerer (Orc:1)
  10 ugly things
  16 salamanders
  17 fauns
  2 cyclopes (shapeshifter) (WizLab)
  4 elephants (Lair:5)
  8 merfolk sirens
  A smoke demon (D:13)
  5 guardian serpents (Snake:4)
  2 gargoyles (D:13)
  4 apocalypse crabs (Shoals:3)
  2 water nymphs
  46 black mambas
  6 cane toads
  2 torpor snails (Lair:4)
  An orange demon (D:12)
  12 naga magi
  An unseen horror (D:13)
  A cane toad (shapeshifter) (WizLab)
  4 rime drakes
  5 kobold demonologists
  10 yaktaurs
  An efreet (D:15)
  A komodo dragon (shapeshifter) (WizLab)
  A yaktaur (shapeshifter) (WizLab)
  2 hellwings
  7 komodo dragons
  A freezing wraith (Vaults:1)
  An ice devil (D:11)
  2 tengu conjurers
  20 merfolk
  13 trolls
  A red devil (D:12)
  A queen bee (Lair:2)
  3 polar bears (Lair:5)
  A meliai (shapeshifter) (WizLab)
  11 wind drakes
  2 hornets (shapeshifter) (WizLab)
  A queen bee (shapeshifter) (WizLab)
  A blink frog (Lair:5)
  21 slime creatures
  7 snapping turtles
  Sigmund (D:4)
  An air elemental (D:15)
  A culicivora (shapeshifter) (WizLab)
  3 shadows
  A vampire (D:12)
  48 yaks
  2 wyverns
  A spriggan (shapeshifter) (WizLab)
  5 hogs
  11 humans (D:14)
  13 water elementals
  7 wraiths
  4 fire bats (Volcano)
  2 basilisks
  A chaos spawn (D:11)
  2 humans (shapeshifter) (WizLab)
  An iron golem (WizLab)
  4 steam dragons
  A steam dragon (shapeshifter) (WizLab)
  3 neqoxecs (Shoals:3)
  5 vampire mosquitoes
  2 wargs
  An acid dragon (D:7)
  32 nagas
  4 floating eyes (WizLab)
  2 hell hounds (Volcano)
  16 water moccasins
  23 orc warriors
  A sky beast (shapeshifter) (WizLab)
  6 sky beasts
  An ogre (shapeshifter) (WizLab)
  6 small abominations (WizLab)
  11 wolves
  23 ogres
  4 centaurs
  6 kobold brigands
  Blork the orc (D:5)
  6 necrophages
  12 bullfrogs
  A gnoll sergeant (D:9)
  3 scorpions
  11 wights
  44 killer bees
  6 howler monkeys
  An electric eel (Snake:2)
  A quasit (D:12)
  7 hounds
  11 orc priests
  Crazy Yiuf (D:5)
  4 iguanas
  Natasha (thrice) (D:4)
  17 orc wizards
  6 gnolls
  11 adders
  2 white imps (D:7)
  An ufetubus (D:4)
  A dart slug (D:2)
  57 orcs
  4 ball pythons
  11 endoplasms
  2 giant cockroaches (D:3)
  5 goblins
  7 hobgoblins
  2 jackals (D:1)
  6 quokkas
  13 bats
  2 frilled lizards
  12 kobolds
  5 rats
  3 tentacles (Shoals:4)
1042 creatures vanquished.

Vanquished Creatures (collateral kills)
  A mutant beast (WizLab)
  Rupert (D:14)
  A kraken (Shoals:4)
  4 nagarajas (Snake:4)
  Aizul (Shoals:1)
  Louise (D:15)
  A very ugly thing (WizLab)
  A merfolk javelineer (Shoals:3)
  2 yaktaur captains (Vaults:1)
  2 hydras
  An ice dragon (D:15)
  A two-headed ogre (D:9)
  A merfolk aquamancer (Shoals:3)
  A catoblepas (Shoals:3)
  A boulder beetle (Vaults:1)
  An anaconda (Snake:4)
  2 satyrs (Shoals:2)
  A merfolk avatar (Shoals:3)
  A centaur warrior (D:14)
  A naga warrior (Snake:1)
  A shock serpent (Snake:4)
  A salamander mystic (Snake:3)
  A fire crab (shapeshifter) (WizLab)
  2 sea snakes (Snake:4)
  2 naga ritualists
  A harpy (Shoals:4)
  An orc knight (D:14)
  3 mana vipers (Snake:1)
  3 salamanders
  An elephant (Lair:5)
  A guardian serpent (shapeshifter) (WizLab)
  3 merfolk sirens
  5 fauns
  10 black mambas
  A cyclops (Orc:1)
  3 guardian serpents (Snake:4)
  6 naga magi
  A cane toad (Lair:2)
  A komodo dragon (D:13)
  A kobold demonologist (D:13)
  3 trolls
  A queen bee (shapeshifter) (WizLab)
  A wind drake (Shoals:1)
  5 merfolk
  A hornet (D:10)
  A snapping turtle (Shoals:2)
  A water elemental (Shoals:2)
  A shapeshifter (WizLab)
  A ynoxinul (D:12)
  6 yaks
  A wyvern (Lair:2)
  4 humans (D:14)
  A vampire mosquito (D:12)
  2 large abominations (WizLab)
  An acid dragon (D:11)
  5 nagas (Snake:4)
  An orc warrior (Orc:1)
  2 ogres
  A bullfrog (D:7)
  3 scorpions
  3 killer bees (D:10)
  A howler monkey (D:10)
  2 orc priests
  An orc wizard (Orc:1)
  A gnoll (D:5)
  A worm (D:2)
  6 orcs
  A kobold (D:14)
  3 tentacles (Shoals:4)
135 creatures vanquished.

Vanquished Creatures (others)
  A black mamba (Snake:4)
  A merfolk siren (Shoals:3)
  An unseen horror (shapeshifter) (WizLab)
  A human (D:14)
  A vampire mosquito (D:12)
  A gnoll (D:5)
  6 demonic plants (D:12)
  38 fungi
  93 plants
  3 tentacles (Shoals:4)
146 creatures vanquished.

Grand Total: 1323 creatures vanquished

Notes
Turn   | Place    | Note
-------+----------+-------------------------------------------
     0 | D:1      | jlumianski the Demonspawn Fighter began the quest for the
                  | Orb.
     0 | D:1      | Reached XP level 1. HP: 18/18 MP: 1/1
   190 | D:1      | Gained mutation: You are partially covered in rugged brown
                  | scales. (AC +1, +3% HP) [demonic ancestry]
   190 | D:1      | Reached XP level 2. HP: 13/24 MP: 2/2
  1058 | D:2      | Gained mutation: A weak demonic guardian rushes to your
                  | aid. [demonic ancestry]
  1058 | D:2      | Reached XP level 3. HP: 29/29 MP: 3/3
  1527 | D:2      | Gained mutation: Your touch may inflict minor irresistible
                  | damage on your foes. [demonic ancestry]
  1527 | D:2      | Reached XP level 4. HP: 36/36 MP: 4/4
  1538 | D:2      | Found Botagraq's Assorted Antiques.
  2031 | D:3      | Gained mutation: You are mostly covered in rugged brown
                  | scales. (AC +2, +5% HP) [demonic ancestry]
  2031 | D:3      | Reached XP level 5. HP: 38/44 MP: 5/5
  2173 | D:3      | Found an opulent altar of Gozag.
  2503 | D:4      | Noticed Natasha
  2514 | D:4      | Killed Natasha
  2577 | D:4      | Found Duas's Weapon Shoppe.
  2601 | D:4      | Noticed an ogre
  2623 | D:4      | Killed an ogre
  2624 | D:4      | Gained mutation: A demonic guardian rushes to your aid.
                  | [demonic ancestry]
  2624 | D:4      | Reached XP level 6. HP: 16/50 MP: 6/6
  2793 | D:4      | Noticed Natasha
  2803 | D:5      | Entered Level 5 of the Dungeon
  2825 | D:4      | Found a radiant altar of Vehumet.
  2835 | D:4      | Killed Natasha
  2844 | D:4      | Noticed Natasha
  2853 | D:4      | Killed Natasha
  2981 | D:4      | Found a blossoming altar of Fedhas.
  3005 | D:4      | Noticed an oklob plant
  3373 | D:5      | Noticed Blork the orc
  3388 | D:5      | Killed Blork the orc
  3396 | D:5      | Gained mutation: Your touch may inflict irresistible damage
                  | on your foes. [demonic ancestry]
  3396 | D:5      | Reached XP level 7. HP: 40/57 MP: 7/7
  3741 | D:5      | Reached skill level 5 in Axes
  3794 | D:5      | Reached skill level 1 in Stealth
  3837 | D:5      | Noticed a yak
  3837 | D:5      | Noticed a yak
  3837 | D:5      | Noticed a yak
  3838 | D:5      | Noticed a yak
  3841 | D:5      | Identified the +4 short sword of the Several Knives {venom,
                  | Dex+4 Stlth+}
  3850 | D:5      | Noticed a yak
  3851 | D:5      | Noticed a yak
  3852 | D:5      | Killed a yak
  3853 | D:5      | Reached skill level 5 in Fighting
  3854 | D:5      | Killed a yak
  3855 | D:5      | Gained mutation: You are completely covered in rugged brown
                  | scales. (AC +3, +7% HP) [demonic ancestry]
  3855 | D:5      | Reached XP level 8. HP: 20/66 MP: 8/8
  3857 | D:5      | Reached skill level 1 in Throwing
  3857 | D:5      | Reached skill level 5 in Armour
  3899 | D:4      | HP: 3/67 [yak (11)]
  4109 | D:5      | Found a runed translucent door.
  4111 | D:5      | Noticed kd29's ghost (novice TrTm)
  4129 | D:5      | Found a hide-covered altar of Uskayaw.
  4216 | D:5      | Noticed Sigmund
  4263 | D:4      | Killed Sigmund
  4264 | D:4      | Reached skill level 1 in Dodging
  4507 | D:5      | Found an ornate altar of the Wu Jian Council.
  4507 | D:5      | Found a shimmering altar of Xom.
  4516 | D:5      | Found a hazy altar of Hepliaklqana.
  4518 | D:5      | Found a shadowy altar of Dithmenos.
  4724 | D:5      | Found a sacrificial altar of Ru.
  4799 | D:5      | Found a runed translucent door.
  4800 | D:5      | Noticed Crazy Yiuf
  4882 | D:6      | Gained mutation: Spells you cast may paralyse adjacent
                  | enemies. [demonic ancestry]
  4882 | D:6      | Reached XP level 9. HP: 57/73 MP: 9/9
  4970 | D:5      | Killed Crazy Yiuf
  5072 | D:6      | Found a staircase to the Ecumenical Temple.
  5092 | Temple   | Entered the Ecumenical Temple
  5225 | D:6      | Reached skill level 1 in Evocations
  5283 | D:6      | Found an ancient bone altar of Kikubaaqudgha.
  6835 | D:7      | Upgraded the game from 0.30-a0-335-ge5acde7520 to
                  | 0.30-a0-339-g89bb51ec76
  6860 | D:7      | Reached XP level 10. HP: 68/77 MP: 10/10
  6956 | D:8      | Found Kosyeg's Antique Weapon Shop.
  7026 | D:8      | Bought a fine trident for 238 gold pieces
  7026 | D:8      | Identified the +10 trident of Paulaoc {venom, rC+ Str+3
                  | Int-2} (You bought it in a shop on level 8 of the Dungeon)
  7060 | D:8      | Found a staircase to the Lair.
  7718 | D:8      | Found a stormy altar of Qazlal.
  7750 | D:8      | Became a worshipper of Qazlal Stormbringer
  7956 | D:10     | Entered Level 10 of the Dungeon
  7958 | D:10     | Found a basalt altar of Yredelemnul.
  8233 | D:9      | Found Gyag Sia's Distillery.
  8241 | D:9      | Bought 2 potions of heal wounds for 140 gold pieces
  8241 | D:9      | Bought 2 potions of curing for 84 gold pieces
  8283 | D:9      | Reached skill level 10 in Axes
  8295 | D:9      | Found an iron altar of Okawaru.
  8508 | D:9      | Found Ceateg's Assorted Antiques.
  8824 | D:9      | Noticed a two-headed ogre
  8837 | D:9      | Killed a two-headed ogre
  8838 | D:9      | Gained mutation: Spells you cast may paralyse nearby
                  | enemies. [demonic ancestry]
  8838 | D:9      | Reached XP level 11. HP: 60/92 MP: 12/14
  9043 | D:9      | Reached skill level 5 in Shields
  9054 | D:9      | Reached * piety under Qazlal
  9207 | D:9      | Found a snail-covered altar of Cheibriados.
  9788 | D:9      | Found a staircase to the Orcish Mines.
  9965 | D:10     | Reached skill level 5 in Invocations
 10060 | D:10     | Noticed a boulder beetle
 10072 | D:10     | Killed a boulder beetle
 10679 | D:11     | Noticed Josephine
 10679 | D:11     | Noticed a two-headed ogre
 10707 | D:10     | Killed Josephine
 10874 | D:10     | Killed a two-headed ogre
 11062 | D:11     | Identified the +1 long sword of Gravity {vamp, rElec rN+
                  | Stlth+}
 11084 | D:11     | Reached ** piety under Qazlal
 11097 | D:11     | Found a gate leading to a gauntlet.
 12141 | D:11     | Reached XP level 12. HP: 95/100 MP: 17/17
 12142 | D:12     | Noticed a two-headed ogre
 12152 | D:11     | Killed a two-headed ogre
 12437 | D:2      | Bought a dented bone amulet for 110 gold pieces
 12437 | D:2      | Bought a scroll of identify for 44 gold pieces
 12437 | D:2      | Bought a scroll of identify for 44 gold pieces
 12620 | D:9      | Bought a scroll of blinking for 180 gold pieces
 12909 | D:12     | Found a runed translucent door.
 12912 | D:12     | Noticed a death knight
 13156 | D:12     | Killed a death knight
 13261 | D:12     | Noticed a death knight
 13262 | D:12     | Noticed a boulder beetle
 13389 | D:12     | Noticed a two-headed ogre
 13408 | D:12     | Killed a two-headed ogre
 13695 | D:12     | Identified the amulet "Boubluc" {Regen+ Int+2}
 13695 | D:12     | Noticed a death knight
 13723 | D:13     | Reached skill level 5 in Evocations
 14253 | D:12     | Killed a death knight
 14374 | D:12     | Identified the amulet of Immorality {Regen+ Str+2}
 14379 | D:12     | Identified the ring of Emyafix {rElec rF+ EV+4 Dex+2}
 14381 | D:12     | Reached *** piety under Qazlal
 14427 | D:12     | Killed a boulder beetle
 14546 | Orc:1    | Entered Level 1 of the Orcish Mines
 14546 | Orc:1    | Noticed an orc warlord
 14870 | D:9      | Killed an orc warlord
 15238 | Orc:2    | Entered Level 2 of the Orcish Mines
 15354 | Orc:2    | Noticed a two-headed ogre
 15355 | Orc:2    | Noticed a two-headed ogre
 15368 | Orc:2    | Noticed a two-headed ogre
 15368 | Orc:2    | Noticed a two-headed ogre
 15386 | D:9      | Killed a two-headed ogre
 15387 | D:9      | Gained mutation: Your touch may irresistibly damage your
                  | foes and sap their willpower. [demonic ancestry]
 15387 | D:9      | Reached XP level 13. HP: 39/108 MP: 20/20
 15859 | Lair:1   | Entered Level 1 of the Lair of Beasts
 16667 | Lair:2   | Reached **** piety under Qazlal
 16670 | Lair:2   | Found a staircase to the Shoals.
 16772 | Lair:2   | Reached skill level 10 in Invocations
 16991 | Lair:2   | Found a staircase to the Snake Pit.
 17057 | Lair:2   | Reached ***** piety under Qazlal
 17145 | Lair:2   | Noticed Sonja
 17154 | Lair:2   | Killed Sonja
 18205 | Lair:5   | Entered Level 5 of the Lair of Beasts
 18253 | Lair:5   | Found a dark tunnel.
 18306 | Volcano  | Entered a volcano
 18373 | Volcano  | Reached skill level 10 in Fighting
 18670 | Lair:5   | Reached XP level 14. HP: 86/117 MP: 22/22
 19587 | Lair:3   | Reached skill level 10 in Armour
 20385 | Lair:4   | Identified the +6 chain mail of Defence {Regen+}
 20641 | Lair:5   | Reached skill level 1 in Polearms
 20699 | Lair:5   | Found a staircase to the Slime Pits.
 21048 | Lair:5   | Identified the ring of Onapleph {rF+ Will- MP+9 Str+10
                  | Stlth+}
 21362 | Lair:5   | Identified the +1 scale mail of the Witching Gods {Dex+3}
 22018 | Orc:2    | Found Zyol's Assorted Antiques.
 22020 | Orc:2    | Found Biqun's Antique Weapon Shop.
 22022 | Orc:2    | Found Wuliked's Antique Armour Emporium.
 22154 | Orc:2    | Found Reomnus's Jewellery Boutique.
 22396 | Orc:2    | Found a staircase to the Elven Halls.
 22543 | Orc:1    | Noticed an orc warlord
 22610 | Orc:2    | Killed an orc warlord
 22651 | Orc:1    | Paralysed by an orc sorcerer for 4 turns
 22776 | Orc:1    | Paralysed by an orc sorcerer for 3 turns
 23137 | Orc:2    | Bought a knobbly glass ring for 140 gold pieces
 23148 | Orc:2    | Bought a pair of boots for 157 gold pieces
 23235 | D:9      | Bought a scroll of teleportation for 72 gold pieces
 23235 | D:9      | Bought a phantom mirror for 960 gold pieces
 23698 | D:12     | Identified the ring of Xom's Wantonness {Int+6 Slay+2}
 23908 | D:14     | Noticed Rupert
 23908 | D:14     | Found a gate to the Vaults.
 23933 | D:13     | Reached XP level 15. HP: 125/125 MP: 24/24
 24734 | D:14     | Found a broken altar of Ashenzari.
 24965 | D:14     | Paralysed by Rupert for 3 turns
 24978 | D:14     | Paralysed by Rupert for 3 turns
 25247 | D:14     | Killed Rupert
 25411 | D:15     | Entered Level 15 of the Dungeon
 25946 | D:15     | Noticed Louise
 25954 | D:15     | Killed Louise
 26053 | D:15     | Found a staircase to the Depths.
 26119 | D:15     | Paralysed by an air elemental for 1 turns
 26124 | D:15     | Paralysed by an air elemental for 1 turns
 26233 | D:15     | Noticed Kirke
 26385 | D:14     | Killed Kirke
 26628 | D:15     | Identified the +1 robe of Hairiness {Int+4 Archmagi}
 26988 | Snake:1  | Entered Level 1 of the Snake Pit
 27157 | Snake:1  | Reached skill level 15 in Axes
 27582 | Snake:1  | Noticed a nagaraja
 27607 | Snake:1  | Killed a nagaraja
 27665 | Snake:1  | Reached XP level 16. HP: 121/134 MP: 26/26
 28098 | Snake:2  | Found Oserhed's Antique Armour Shop.
 28100 | Snake:2  | Found Peicedin's Antique Weapon Boutique.
 28102 | Snake:2  | Found Giowat's Weapon Shop.
 28127 | Snake:2  | Bought a pair of embroidered boots for 330 gold pieces
 28370 | Snake:2  | Reached skill level 10 in Shields
 28422 | Snake:2  | Reached skill level 10 in Evocations
 28456 | Snake:2  | Found Towec's Weapon Boutique.
 28462 | Snake:2  | Bought 4 boomerangs for 32 gold pieces
 29754 | Snake:4  | Entered Level 4 of the Snake Pit
 30005 | Snake:4  | Noticed Bai Suzhen
 30029 | Snake:4  | Killed Bai Suzhen
 31128 | Snake:4  | Reached skill level 15 in Invocations
 31165 | Snake:4  | HP: 6/135 [naga mage/bolt of poison (17)]
 31884 | Snake:4  | Reached XP level 17. HP: 118/142 MP: 28/28
 31972 | Snake:4  | Found Yreff's Jewellery Boutique.
 31972 | Snake:4  | Found Mitobb's Jewellery Shop.
 31974 | Snake:4  | Found Viten's Weapon Boutique.
 31975 | Snake:4  | Found Koiwkam's General Store.
 33544 | Snake:4  | Identified the amulet "Toick" {Acrobat Int+3}
 34164 | Snake:4  | Got a serpentine rune of Zot
 34690 | Shoals:1 | Entered Level 1 of the Shoals
 34964 | Shoals:1 | Noticed Aizul
 34977 | Shoals:1 | Killed Aizul
 35366 | Shoals:1 | Identified the +11 hand axe "Mikerph" {holy, Str+7 Dex-2}
 35746 | Shoals:2 | Reached XP level 18. HP: 132/151 MP: 30/30
 36524 | Shoals:4 | Entered Level 4 of the Shoals
 36600 | Shoals:3 | Noticed Ilsuiw
 36683 | Shoals:3 | Killed Ilsuiw
 37013 | Shoals:3 | Noticed Polyphemus
 37110 | Shoals:3 | Found a runed translucent door.
 37126 | Shoals:3 | Found a corrupted altar of Lugonu.
 37126 | Shoals:3 | Found a one-way gate to the infinite horrors of the Abyss.
 37171 | Shoals:3 | Killed Polyphemus
 37594 | Shoals:3 | Reached skill level 5 in Dodging
 37903 | Shoals:4 | Identified the +9 ring mail of Forking Paths {rPois rC+
                  | Dex-3}
 38328 | Shoals:4 | Identified the +7 flail of Oloeha {venom, Contam +Blink
                  | MP+9 Dex+3}
 38503 | Shoals:4 | Got a barnacled rune of Zot
 38719 | Vaults:1 | Entered Level 1 of the Vaults
 38725 | Vaults:1 | Noticed Asterion
 38743 | Vaults:1 | Killed Asterion
 38853 | Vaults:1 | Reached XP level 19. HP: 144/160 MP: 31/31
 39107 | Vaults:1 | Found a magical portal.
 39116 | WizLab   | Entered Cigotuvi's Fleshworks
 39582 | WizLab   | Paralysed by a floating eye for 2 turns
 39643 | WizLab   | Identified the ring of Attitude {rN+ Will++ Slay+3}
 39804 | WizLab   | Got the Secrets of Forms
 39815 | WizLab   | Got Cigotuvi's Papyrus of Ghastly Changing
 40031 | Vaults:1 | Killed from afar by an ironbound frostheart

Illustrated notes

Levels and vault maps discovered:
D:1:      nicolae_arrival_washed_ashore, layout_basic, bh_walls_and_bars
D:2:      layout_rooms, serial_shops, nicolae_diamond_shop
D:3:      layout_loops_cross, nicolae_overflow_hidden_temple, corexii_shack,
          st_stairs_11
D:4:      layout_loops_ring, lemuel_doored_altar, tgw_fedhas,
          nicolae_tso_carved_into_rock, serial_shops, nicolae_shop_crystal,
          uniq_natasha
D:5:      layout_basic, mainiacjoe_overflow_24_doors, old_standard_altar,
          chequers_temple_overflow_minitemple, ebering_ghost_reflecting_pool,
          serial_aquarium, aquarium_bridge_straight [aquarium_subvault_bridge,
          aquarium_subvault_window, aquarium_subvault_bridge,
          aquarium_subvault_wall], aquarium_bridge_square
          [aquarium_subvault_bridge, aquarium_subvault_wall,
          aquarium_subvault_wall, aquarium_subvault_bridge],
          aquarium_window_fake, aquarium_window_1, aquarium_window_1,
          aquarium_view_2b, uniq_sigmund, uniq_blork_the_orc,
          uniq_crazy_yiuf_cottage
D:6:      layout_loops_corners, kiku_gazebo_garden_becter, temple_statues,
          dreamdust_wishing_well
D:7:      minmay_polygon_palace, layout_loops_corners, minmay_fractal_squares_5
D:8:      layout_rooms, mainiacjoe_overflow_brackets, lair_entry_dummy,
          serial_shops, nicolae_shop_waterfront, chequers_serial_rivers_small_3
D:9:      layout_stronghold, kennysheep_mini,
          mainiacjoe_overflow_small_starburst, david_orc_4, serial_shops,
          nicolae_shop_stone, shop, nicolae_elevator_lobby_plus
D:10:     layout_big_octagon, lemuel_crystal_altar, nicolae_eternal_life
D:11:     layout_basic, gauntlet_entry_generic, uniq_josephine
D:12:     minmay_the_grid_triangle_9x9_rhombus_full_mashed
          [minmay_the_grid_triangle_9x9_subtriangle,
          minmay_the_grid_triangle_9x9_steps,
          minmay_the_grid_triangle_9x9_checkered,
          minmay_the_grid_triangle_9x9_corrupted_corridor,
          minmay_the_grid_triangle_9x9_corruption,
          minmay_the_grid_triangle_9x9_swiss_cheese,
          minmay_the_grid_triangle_9x9_minimal,
          minmay_the_grid_triangle_9x9_prize_special], layout_basic,
          serial_demonic, serial_demonic_d, serial_demonic_f, serial_demonic_f,
          serial_demonic_g, serial_demonic_c, serial_demonic_b, serial_demonic_a
D:13:     layout_irregular_city, hangedman_decor_growths, pond
D:14:     layout_stronghold, david_vaults_3, evilmike_ruin_ashenzari
D:15:     grunt_enter_depths_hoard, layout_irregular_city,
          chequers_serial_rivers_small_a, dreamdust_looks_like_rain,
          uniq_louise, uniq_kirke
Temple:   nicolae_temple_ecumenical_triangle
Lair:1:   layout_cave_shapes, grunt_megastairs_4, lemuel_fruit_tree
Lair:2:   layout_loops_ring, elwin_shoals_entry_stream,
          guppyfry_snake_entry_garden, special_room [special_room_bee],
          roderic_carrion_pond, uniq_sonja
Lair:3:   beast_lair_carwin_large_4, layout_small_grid,
          cheibrodos_lair_reptile_den
Lair:4:   layout_cave_pods
Lair:5:   gammafunk_lair_ancient_temple, layout_cave_pods,
          nicolae_slime_entry_slimehenge, nicolae_volcano_entry_two_sided,
          infiniplex_staircase_pool
Shoals:1: layout_shoals, uniq_aizul
Shoals:2: cheibrodos_shoals_satyrical_garden, layout_shoals,
          nicolae_shoals_water_booths
Shoals:3: layout_shoals, nicolae_shoals_abyss_on_the_beach, uniq_polyphemus,
          uniq_ilsuiw
Shoals:4: shoals_end_hellmonk_lost_city
Snake:1:  layout_cave_pods
Snake:2:  layout_chambers, serial_shops, nicolae_shop_bloodbath_and_beyond,
          nicolae_triple_integral, serial_bayou_shore_a, minmay_shop_star
Snake:3:  layout_honeycomb
Snake:4:  grunt_snake_rune_pools, layout_cave_town, st_stairs_10,
          nicolae_snake_storage_room, minmay_shoptagon, uniq_bai_suzhen
Orc:1:    layout_diamond_mine, basic_altar
Orc:2:    st_orc_open, layout_caves, basic_altar
Vaults:1: infiniplex_enter_wizlab_glasses, nicolae_vaults_network_quincunx
          [nicolae_vaults_network_quincunx_subvault,
          nicolae_vaults_network_quincunx_subvault,
          nicolae_vaults_network_quincunx_subvault,
          nicolae_vaults_network_quincunx_subvault,
          nicolae_vaults_network_quincunx_subvault], vaults_room_large_hall,
          vaults_room_fancy_cross, st_octagons_1, vaults_dpeg_hooks,
          grunt_vaults_swirl, hangedman_vaults_river_flow, vaults_room_hallway,
          layout_vaults_big_cross, uniq_asterion
Vaults:2: vaults_room_pool, v_rooms_4, v_rooms_1, nicolae_vaults_shelves_hall,
          hangedman_vaults_slice, ontoclasm_vaults_idyll,
          nicolae_vaults_asterisk, hangedman_vaults_slither, v_rooms_2,
          nicolae_vaults_specimen_jars, v_misc_4, ontoclasm_vaults_fault,
          vaults_room_grid, ontoclasm_vaults_gateway, layout_vaults_omnibox,
          uniq_zenata

Skill      XL: |  1  2  3  4  5  6  7  8  9 10 11 12 13 14 15 16 17 18 |
---------------+-------------------------------------------------------+-----
Armour         | 3 4 6 7 8 9 10 11 12 | 12.4
Shields        | 3 4 5 6 7 8 9 11 12 14 | 14.9
Axes           | 2 3 4 5 7 9 10 11 12 13 14 15 16 17 | 17.4
Fighting       | 4 5 7 8 9 10 11 12 13 | 13.7
Stealth        | 1 2 3 4 |  4.3
Throwing       | 1 2 3 |  3.7
Dodging        | 1 2 3 4 5 |  5.3
Evocations     | 1 3 5 6 8 9 11 12 13 | 13.2
Invocations    | 4 7 9 11 12 13 15 16 17 | 17.9
Polearms       | 1 |  1.4

Action                   |  1- 3 |  4- 6 |  7- 9 | 10-12 | 13-15 | 16-18 | 19-21 || total
-------------------------+-------+-------+-------+-------+-------+-------+-------++-------
Melee: War axe           |   119 |   136 |   285 |   737 |   866 |   558 |       ||  2701
       Trident           |       |       |       |       |    30 |     5 |       ||    35
       Broad axe         |       |       |       |       |   242 |   785 |   184 ||  1211
Throw: Dart              |     1 |     4 |     6 |    30 |    17 |       |       ||    58
       Boomerang         |       |       |       |       |     9 |    27 |       ||    36
Invok: Elemental Force   |       |       |       |     1 |    10 |    16 |     3 ||    30
       Upheaval          |       |       |       |       |     2 |     6 |     3 ||    11
Evoke: Wand              |       |       |     4 |     4 |     3 |     8 |     3 ||    22
       Phial of floods   |       |       |       |     2 |       |       |       ||     2
       Condenser vane    |       |       |       |       |     1 |     3 |       ||     4
       Lightning rod     |       |       |       |       |     1 |     6 |     1 ||     8
       Phantom mirror    |       |       |       |       |       |     3 |       ||     3
       Box of beasts     |       |       |       |       |       |     2 |       ||     2
  Use: Scroll            |       |     8 |     8 |    13 |    11 |    11 |     1 ||    52
       Potion            |       |     2 |     3 |     3 |     6 |    11 |     3 ||    28
 Stab: Distracted        |       |       |       |     1 |     2 |     5 |     4 ||    12
       Paralysed         |       |       |       |       |     7 |     8 |       ||    15
       Petrified         |       |       |       |       |       |     2 |       ||     2
       Invisible         |       |       |       |       |       |       |     4 ||     4
Armor: Scale mail        |    27 |       |       |       |       |       |       ||    27
       Chain mail        |    88 |   103 |    75 |    12 |   716 |   743 |    76 ||  1813
       Plate armour      |       |       |   172 |   576 |       |       |       ||   748
Dodge: Dodged            |    48 |    43 |    85 |   196 |   412 |   497 |    70 ||  1351
       Repelled          |       |       |       |       |     6 |    19 |     1 ||    26
Block: Buckler           |    35 |    28 |    54 |   316 |   770 |       |       ||  1203
       Tower shield      |       |       |       |       |   152 |   837 |       ||   989
       Reflection        |       |       |       |       |       |   200 |     1 ||   201
       Kite shield       |       |       |       |       |       |   844 |   153 ||   997

Table legend: (Time is in decaauts)
 A = Elapsed time spent in this place.
 B = Non-inter-level travel time spent in this place.
 C = Inter-level travel time spent in this place.
 D = Time resting spent in this place.
 E = Time spent auto-exploring this place.
 F = Levels seen in this place.
 G = Mean time per level.
                   A        B        C        D        E       F      G
               +--------+--------+--------+--------+--------+-----+--------+
         Total |  40515 |  37789 |   2726 |   5223 |  17416 |  35 | 1157.6 |
       Dungeon |  19660 |  18150 |   1510 |   2901 |   8459 |  15 | 1310.7 |
        Temple |     51 |     51 |      0 |      0 |      0 |   1 |   51.0 |
          Lair |   5921 |   5391 |    530 |    209 |   3563 |   5 | 1184.2 |
        Shoals |   3736 |   3545 |    191 |    371 |   1236 |   4 |  934.0 |
     Snake Pit |   7639 |   7146 |    493 |   1350 |   3071 |   4 | 1909.8 |
  Orcish Mines |   1904 |   1904 |      0 |    281 |    599 |   2 |  952.0 |
        Vaults |    434 |    434 |      0 |      0 |    193 |   2 |  217.0 |
       Volcano |    327 |    327 |      0 |     77 |    132 |   1 |  327.0 |
        Wizlab |    838 |    838 |      0 |     34 |    162 |   1 |  838.0 |
               +--------+--------+--------+--------+--------+-----+--------+

Top non-repeatable levels by time:
     D:9: 3051 daAuts
 Snake:3: 2705 daAuts
 Snake:4: 2090 daAuts
  Lair:2: 1771 daAuts
 Snake:2: 1693 daAuts
    D:12: 1559 daAuts
     D:7: 1529 daAuts
     D:5: 1485 daAuts
    D:11: 1466 daAuts
    D:13: 1455 daAuts
    D:10: 1343 daAuts
     D:8: 1331 daAuts
     D:4: 1326 daAuts
  Lair:5: 1258 daAuts
Shoals:3: 1242 daAuts
